[Event "Titled Tuesday Blitz February 28 Late 2023"]
[White "Zhu, Jiner"]
[Black "Benaddi, Mouhcine"]
[WhiteFideId "8608059"]
[BlackFideId "9001050"]
[WhiteElo "2384"]
[BlackElo "2036"]
[Result "1/2-1/2"]
[Round "01"]
[TimeControl "180+2"]
[Date "2023.02.28"]
[WhiteClock "0:00:06"]
[BlackClock "0:00:05"]

1. c4 c6 2. Nc3 d5 3. d4 Nf6 4. Nf3 dxc4 5. a4 Bf5 6. Ne5 Nbd7 7. Nxc4 Qc7 8. g3 e5 9. dxe5 Nxe5 10. Bf4 Nfd7 11. Qc1 f6 12. Bg2 Be6 13. Nxe5 fxe5 14. Be3 Nc5 15. Bxc5 Bxc5 16. O-O O-O 17. a5 Rad8 18. a6 Bb6 19. axb7 Qxb7 20. Ne4 Bd5 21. Qc2 Qe7 22. e3 h6 23. Rac1 Kh8 24. h4 Qe6 25. Qe2 Rf7 26. Qh5 Rff8 27. Nc5 Bxc5 28. Rxc5 e4 29. Rd1 Rf5 30. Qe2 Rdf8 31. Bh3 Qg6 32. Bxf5 Rxf5 33. Rd2 Rf3 34. Kh2 Qg4 35. Qf1 Qf5 36. Qg2 g5 37. hxg5 hxg5 38. Qh3+ Qxh3+ 39. Kxh3 Kg7 40. b4 a6 41. Ra5 Be6+ 42. Kg2 Rf6 43. Rxa6 Bg4 44. f4 exf3+ 45. Kf2 Rh6 46. Rd4 Rh2+ 47. Kg1 f2+ 48. Kxh2 f1=Q 49. Ra7+ Kg6 50. Rxg4 Qe2+ 51. Kh3 Qf1+ 52. Kh2 Qe2+ 53. Kh3 Qf1+ 54. Kh2 1/2-1/2


[Site "https://www.chess.com"]

[Event "Titled Tuesday Blitz February 28 Late 2023"]
[White "Vaglio Munoz, Jaime"]
[Black "Sieciechowicz, Marcin"]
[WhiteFideId "6500145"]
[BlackFideId "1130170"]
[WhiteElo "2199"]
[BlackElo "2302"]
[Result "0-1"]
[Round "01"]
[TimeControl "180+2"]
[Date "2023.02.28"]
[WhiteClock "0:00:18"]
[BlackClock "0:00:39"]

1. Nf3 g6 2. g3 Bg7 3. d4 d5 4. Bg2 Nf6 5. b3 O-O 6. Bb2 Ne4 7. O-O c5 8. e3 Nc6 9. c3 b6 10. a3 Bb7 11. b4 Rc8 12. Re1 c4 13. Nbd2 f5 14. a4 e6 15. Ba3 Re8 16. Qc2 h6 17. Nf1 a6 18. N3d2 b5 19. a5 e5 20. f3 Nxc3 21. dxe5 Nxe5 22. Bb2 d4 23. exd4 Qxd4+ 24. Kh1 Nd3 25. Rxe8+ Rxe8 26. h3 Nxb4 27. Qc1 Nd3 28. Qc2 Nxb2 29. Qxb2 Ne2 30. Qxd4 Bxd4 31. Ra2 Nc3 32. Rc2 Re1 33. Kh2 Ne2 34. h4 Bd5 35. f4 Bxg2 36. Kxg2 Rc1 37. Ra2 Nc3 38. Ra3 b4 39. Rxc3 Bxc3 40. Nxc4 b3 41. Nfe3 b2 42. Na3 b1=Q 43. Nxb1 Rxb1 44. Nd5 Bxa5 45. h5 Kf7 46. hxg6+ Kxg6 47. Kf3 Rb3+ 48. Kg2 Be1 49. Ne7+ Kf6 50. Ng8+ Ke6 51. Nxh6 Rxg3+ 52. Kf1 Rg6 53. Nxf5 Kxf5 54. Kxe1 Rg2 55. Kf1 Rb2 0-1


[Site "https://www.chess.com"]

[Event "Titled Tuesday Blitz February 28 Late 2023"]
[White "Trent, Lawrence"]
[Black "Fernandez Garcia, Gumersindo"]
[WhiteFideId "408638"]
[BlackFideId "24516740"]
[WhiteElo "2458"]
[BlackElo "2093"]
[Result "1/2-1/2"]
[Round "01"]
[TimeControl "180+2"]
[Date "2023.02.28"]
[WhiteClock "0:01:47"]
[BlackClock "0:00:14"]

1. e4 c5 2. Nc3 g6 3. d4 cxd4 4. Qxd4 Nf6 5. Bb5 a6 6. e5 axb5 7. exf6 Nc6 8. Qe3 d5 9. fxe7 Bxe7 10. Qh6 b4 11. Nce2 Bf5 12. Nf3 Bf8 13. Qd2 Bg7 14. O-O O-O 15. Ned4 Be4 16. Nxc6 bxc6 17. Qxb4 Bxf3 18. gxf3 Rb8 19. Qg4 Bxb2 20. Bxb2 Rxb2 21. a4 Rxc2 22. a5 Rc4 23. Qg3 Qe7 24. a6 Ra8 25. Rfb1 Rb4 26. Rxb4 Qxb4 27. Qc7 Qc3 28. Rb1 Kg7 29. a7 Qa3 30. Qe5+ Kh6 31. Qf4+ Kg7 32. Qd4+ Kh6 33. Rb7 Qxf3 34. Rb8 Rxa7 35. Qxa7 Qd1+ 36. Kg2 Qg4+ 37. Kf1 Qd1+ 38. Kg2 Qg4+ 39. Kf1 Qd1+ 40. Kg2 1/2-1/2


[Site "https://www.chess.com"]

[Event "Titled Tuesday Blitz February 28 Late 2023"]
[White "Abdyzhaparov, Aidar"]
[Black "Kim, Yoon-Young"]
[WhiteFideId "13800361"]
[BlackFideId "30908779"]
[WhiteElo "2002"]
[BlackElo "2217"]
[Result "0-1"]
[Round "01"]
[TimeControl "180+2"]
[Date "2023.02.28"]
[WhiteClock "0:00:08"]
[BlackClock "0:00:11"]

1. Nf3 d5 2. c4 c6 3. d4 Nf6 4. e3 Bf5 5. Nc3 e6 6. Nh4 Be4 7. f3 Bg6 8. Qb3 Qc7 9. Bd2 Be7 10. cxd5 cxd5 11. Rc1 Nc6 12. Nxg6 hxg6 13. g3 Rc8 14. Be2 Bd6 15. f4 a6 16. Bf3 O-O 17. Qd1 b5 18. a3 Qb7 19. O-O Qb6 20. Kg2 Na5 21. Rc2 Nc4 22. Bc1 Rc7 23. g4 Rfc8 24. g5 Nd7 25. Qe1 Qa5 26. Rff2 b4 27. axb4 Bxb4 28. Be2 Nxb2 29. Bxb2 Bxc3 30. Bxc3 Rxc3 31. Rxc3 Qxc3 32. Qxc3 Rxc3 33. Kf3 a5 34. Rf1 Nb6 35. Rb1 Rc6 36. Bb5 Rd6 37. Ra1 a4 38. Bxa4 Nc4 39. Bb3 Nd2+ 40. Ke2 Nxb3 41. Ra8+ Kh7 42. Rf8 Rd7 43. Kf3 Na5 44. h4 Nc4 45. h5 gxh5 46. Kg3 Nd6 47. Kh4 Kg6 48. Kg3 Nf5+ 49. Kf3 h4 50. Rh8 Rc7 0-1


[Site "https://www.chess.com"]

[Event "Titled Tuesday Blitz February 28 Late 2023"]
[White "Bjelobrk, Igor"]
[Black "Boder, Jan"]
[WhiteFideId "4300726"]
[BlackFideId "16243226"]
[WhiteElo "2335"]
[BlackElo "2241"]
[Result "1-0"]
[Round "01"]
[TimeControl "180+2"]
[Date "2023.02.28"]
[WhiteClock "0:01:02"]
[BlackClock "0:00:02"]

1. d4 Nf6 2. c4 g6 3. Nc3 Bg7 4. e4 d6 5. Nf3 O-O 6. Be2 e5 7. d5 a5 8. Bg5 Na6 9. Nd2 Nc5 10. g4 h6 11. Be3 Nh7 12. h4 b6 13. h5 g5 14. f3 Ba6 15. O-O f6 16. b3 Rf7 17. a3 Bc8 18. b4 axb4 19. axb4 Rxa1 20. Qxa1 Nd7 21. Qa8 Rf8 22. Ra1 Re8 23. Nb5 Nhf8 24. Qc6 f5 25. Qxc7 Qf6 26. gxf5 g4 27. fxg4 Qh4 28. Nf1 Nf6 29. Nxd6 Nxg4 30. Qf7+ Kh8 31. Ra7 Bd7 32. Nxe8 Bxf5 33. Qxg7# 1-0


[Site "https://www.chess.com"]

[Event "Titled Tuesday Blitz February 28 Late 2023"]
[White "mohsengabr2002"]
[Black "Diaz Perez, Michel Alejandro"]
[BlackFideId "3517179"]
[WhiteElo "2344"]
[BlackElo "2333"]
[Result "0-1"]
[Round "01"]
[TimeControl "180+2"]
[Date "2023.02.28"]
[WhiteClock "0:01:01"]
[BlackClock "0:01:00"]

1. e4 d6 2. d4 Nf6 3. Nc3 e5 4. dxe5 dxe5 5. Qxd8+ Kxd8 6. Bc4 Be6 7. Bxe6 fxe6 8. f3 Bc5 9. Nge2 Nbd7 10. Bg5 h6 11. Bh4 Ke7 12. Nc1 Bd4 13. N1e2 Be3 14. Bf2 Bxf2+ 15. Kxf2 Nb6 16. b3 g5 17. Nc1 g4 18. Nd3 Nbd7 19. Nb5 a6 20. Na3 b5 21. c4 c6 22. Ke3 Rhg8 23. g3 gxf3 24. Kxf3 Raf8 25. Ke2 Nxe4 26. Rhf1 Nd6 27. Rae1 e4 28. Nf4 Nc5 29. Rd1 e5 30. b4 Na4 31. c5 Nf5 32. Ng2 Nc3+ 33. Kd2 Nxd1 34. Rxd1 Rd8+ 35. Ke2 Rxd1 36. Kxd1 Rd8+ 37. Ke2 Rd4 38. Nc2 Rd8 39. Nce1 Ke6 40. g4 Ne7 41. Ke3 Nd5+ 42. Kxe4 Nxb4 43. a3 Rd4+ 44. Ke3 Nd5+ 45. Kf3 Ra4 46. Nc2 Rc4 47. Nce3 Nxe3 48. Nxe3 Rxc5 49. h4 Rc3 50. Ke4 Rxe3+ 51. Kxe3 c5 52. Ke4 a5 53. g5 hxg5 54. hxg5 b4 55. a4 c4 56. g6 b3 0-1


[Site "https://www.chess.com"]

[Event "Titled Tuesday Blitz February 28 Late 2023"]
[White "Martynov, Pavel"]
[Black "Meftahi, Houssem"]
[WhiteFideId "4101260"]
[BlackFideId "5501660"]
[WhiteElo "2314"]
[BlackElo "2124"]
[Result "1-0"]
[Round "01"]
[TimeControl "180+2"]
[Date "2023.02.28"]
[WhiteClock "0:01:40"]
[BlackClock "0:00:12"]

1. e4 c5 2. Nf3 Nc6 3. Bb5 e6 4. c3 Nge7 5. O-O a6 6. Ba4 b5 7. Bc2 d5 8. Re1 d4 9. a4 d3 10. Bb3 c4 11. Ba2 Ng6 12. b3 Na5 13. Na3 Nf4 14. b4 Nc6 15. axb5 axb5 16. Nxb5 g5 17. Nbd4 Nxd4 18. Nxd4 Bg7 19. Bb2 Rxa2 20. Rxa2 O-O 21. g3 Ng6 22. Ra8 Qc7 23. Qa4 Bb7 24. Rxf8+ Bxf8 25. Qa7 h5 26. b5 h4 27. b6 Qd7 28. Ba3 e5 29. Nf5 hxg3 30. hxg3 Qc6 31. Bxf8 Nxf8 32. Ne7+ 1-0


[Site "https://www.chess.com"]

[Event "Titled Tuesday Blitz February 28 Late 2023"]
[White "Lucassen, Mickey"]
[Black "Yang, Qindong"]
[WhiteFideId "12919110"]
[BlackFideId "8603758"]
[WhiteElo "2338"]
[BlackElo "2090"]
[Result "1-0"]
[Round "01"]
[TimeControl "180+2"]
[Date "2023.02.28"]
[WhiteClock "0:00:07"]
[BlackClock "0:00:08"]

1. d3 d5 2. Nf3 Nf6 3. e3 c5 4. Be2 Nc6 5. O-O e5 6. Nbd2 Be7 7. c4 d4 8. exd4 exd4 9. Re1 O-O 10. a3 a5 11. Bf1 Bf5 12. Nh4 Bg4 13. Be2 Be6 14. g3 Re8 15. Ng2 Bd6 16. Bf3 Bf5 17. Qc2 Rxe1+ 18. Nxe1 Qe7 19. Ng2 Ne5 20. Be2 Re8 21. Nf3 Nxc4 22. Bf1 Nb6 23. Bf4 Nbd5 24. Bxd6 Qxd6 25. Qb3 b6 26. Nd2 Bh3 27. Nc4 Qc6 28. Re1 Rxe1 29. Nxe1 Bxf1 30. Kxf1 h5 31. h3 a4 32. Qd1 b5 33. Ne5 Qe6 34. N1f3 Qxh3+ 35. Kg1 Qf5 36. Qe2 g6 37. Nh4 Qe6 38. f4 Ng4 39. Nhf3 Nge3 40. Qh2 Ng4 41. Qe2 Qxe5 42. fxe5 Nde3 43. Nh2 Nxe5 44. Nf3 N5g4 45. Kh1 Kg7 46. Ne1 Nf6 47. Ng2 Nf5 48. Qe5 Nh6 49. Nf4 Ng4 50. Qxc5 Ne3 51. Qxd4 Nf5 52. Qc3 Nxg3+ 53. Kg2 Nf5 54. Nd5 Nh4+ 55. Kg3 Nf5+ 56. Kf4 1-0


[Site "https://www.chess.com"]

[Event "Titled Tuesday Blitz February 28 Late 2023"]
[White "Rosen, Eric"]
[Black "Szente Varga, Fruzsina"]
[WhiteFideId "2032562"]
[BlackFideId "712264"]
[WhiteElo "2359"]
[BlackElo "1994"]
[Result "1-0"]
[Round "01"]
[TimeControl "180+2"]
[Date "2023.02.28"]
[WhiteClock "0:00:06"]
[BlackClock "0:00:01"]

1. d4 Nf6 2. Bf4 d6 3. Nc3 g6 4. e4 Bg7 5. Qd2 Nbd7 6. O-O-O O-O 7. e5 Ne8 8. Bh6 Nb6 9. Nf3 Bg4 10. Be2 a5 11. h3 Bxf3 12. Bxf3 dxe5 13. Bxg7 Nxg7 14. dxe5 Nc4 15. Qe2 Nd6 16. exd6 exd6 17. g4 Rb8 18. Qd2 b5 19. Qh6 a4 20. Ne4 Ne6 21. h4 f5 22. Ng5 Nxg5 23. hxg5 Qe7 24. Bd5+ Kh8 25. Qxg6 fxg4 26. Be4 Rf7 27. Bd3 Rg8 28. Qh6 Qxg5+ 29. Qxg5 Rxg5 30. Rh2 b4 31. Rdh1 Rgg7 32. Kd2 c5 33. Re1 Rf8 34. Re6 Rd8 35. Reh6 Rdd7 36. Bf5 Rdf7 37. Be6 Re7 38. c3 bxc3+ 39. bxc3 Rb7 40. Kc2 a3 41. Bb3 Rbd7 42. Rf6 Rd8 43. Rhh6 d5 44. Rf5 c4 45. Ba4 Rb7 46. Kd2 Kg7 47. Rhf6 Rb2+ 48. Ke3 Rxa2 49. Rf7+ Kg6 50. R5f6+ Kg5 51. Rf5+ Kg6 52. R7f6+ Kg7 53. Ra6 Rb2 54. Bc6 a2 55. Kd4 Rd2+ 56. Kc5 Rc8 57. Rf4 Rb2 58. Ra7+ Kg6 59. Rxg4+ Kf5 60. Rg3 Ke5 61. Re3+ Kf4 62. Rf7+ Kg5 63. Rg3+ Kh6 64. Rf4 Kh5 65. Rf5+ Kh6 66. Rf6+ Kh5 67. Rf7 Kh6 68. Ra7 1-0


[Site "https://www.chess.com"]

[Event "Titled Tuesday Blitz February 28 Late 2023"]
[White "Ansh M Shah"]
[Black "Alex_Sahakyan2006"]
[WhiteFideId "25033379"]
[WhiteElo "2084"]
[BlackElo "2637"]
[Result "1-0"]
[Round "01"]
[TimeControl "180+2"]
[Date "2023.02.28"]
[WhiteClock "0:00:05"]
[BlackClock "0:00:16"]

1. d4 Nf6 2. c4 e6 3. g3 d5 4. Bg2 dxc4 5. Nf3 Nbd7 6. O-O a6 7. a4 Rb8 8. b3 cxb3 9. Qxb3 b5 10. axb5 Rxb5 11. Qc2 Be7 12. Rd1 O-O 13. Na3 Rh5 14. Ne5 Nxe5 15. dxe5 Nd7 16. f4 c5 17. Be3 Qc7 18. Nc4 Bb7 19. Bxb7 Qxb7 20. Qd3 Rd8 21. Na5 Qa8 22. Qc2 g5 23. Rab1 gxf4 24. Bxf4 Nxe5 25. Rb7 Re8 26. Qe4 Ng6 27. Rdd7 Rf5 28. Nc6 Bf8 29. Ne5 f6 30. Nxg6 hxg6 31. Qc6 g5 32. e4 gxf4 33. exf5 Qc8 34. Qxc8 Rxc8 35. fxe6 fxg3 36. e7 gxh2+ 37. Kxh2 Bh6 38. Rd8+ Kf7 39. Rxc8 Bf4+ 40. Kg2 Bc7 41. e8=Q+ 1-0


[Site "https://www.chess.com"]

[Event "Titled Tuesday Blitz February 28 Late 2023"]
[White "Melikyan, Gnel"]
[Black "Kostiukov, Alexandr"]
[WhiteFideId "54109990"]
[BlackFideId "14108100"]
[WhiteElo "2138"]
[BlackElo "2202"]
[Result "1-0"]
[Round "01"]
[TimeControl "180+2"]
[Date "2023.02.28"]
[WhiteClock "0:00:13"]
[BlackClock "0:00:02"]

1. Na3 g6 2. e4 Bg7 3. Nf3 c5 4. Be2 Nc6 5. O-O Nf6 6. d3 O-O 7. c3 d5 8. exd5 Nxd5 9. Nc4 Nb6 10. Ncd2 e5 11. Ne4 Qe7 12. Be3 Nd7 13. Qb3 b6 14. Bg5 Nf6 15. Nfd2 Na5 16. Qc2 Qe6 17. Bxf6 Bxf6 18. Bg4 Qc6 19. Bxc8 Raxc8 20. Nxf6+ Qxf6 21. Rfe1 Rfd8 22. Nf3 Nc6 23. Rad1 Rd7 24. Qe2 Rcd8 25. Qe4 Kg7 26. h3 h6 27. a3 Rd5 28. b4 cxb4 29. axb4 Qf4 30. Qxf4 exf4 31. d4 b5 32. Ra1 R8d7 33. Nd2 g5 34. Ne4 Ne7 35. Ra6 Rc7 36. Nf6 Rxc3 37. Rxe7 Rc1+ 38. Kh2 Rxd4 39. Nh5+ Kf8 40. Raxa7 Rdd1 41. Rxf7+ Ke8 42. Nf6+ Kd8 43. Rfd7+ Rxd7 44. Rxd7+ Kc8 45. Rd5 Rc2 46. f3 Rc6 47. Ng4 h5 48. Ne5 Rb6 49. Nd3 Kc7 50. Rxg5 Rd6 51. Nxf4 Rd4 52. Ne6+ 1-0


[Site "https://www.chess.com"]

[Event "Titled Tuesday Blitz February 28 Late 2023"]
[White "Ward, Ieuan C"]
[Black "Alikhanov, Felix"]
[WhiteFideId "406627"]
[BlackFideId "4157427"]
[WhiteElo "2325"]
[BlackElo "2425"]
[Result "0-1"]
[Round "01"]
[TimeControl "180+2"]
[Date "2023.02.28"]
[WhiteClock "0:00:09"]
[BlackClock "0:00:12"]

1. d4 Nf6 2. c4 g6 3. Nc3 Bg7 4. Nf3 O-O 5. g3 d6 6. Bg2 c5 7. O-O cxd4 8. Nxd4 Nc6 9. Nxc6 bxc6 10. Bxc6 Bh3 11. Bg2 Bxg2 12. Kxg2 Rc8 13. Qd3 Qa5 14. Bd2 Qh5 15. h3 Rfe8 16. Rac1 Nd7 17. b3 Nc5 18. Qf3 Qe5 19. Rfe1 h5 20. Nd5 Ne4 21. Bf4 Qe6 22. Qe3 f5 23. f3 Nc5 24. Qxe6+ Nxe6 25. Be3 a6 26. Red1 Nc5 27. Bd4 Bxd4 28. Rxd4 Kf7 29. Rd2 a5 30. Rb2 e6 31. Nc3 Ke7 32. Rd1 Nb7 33. Rbd2 Red8 34. Nb5 Rd7 35. e4 fxe4 36. fxe4 Rc6 37. e5 d5 38. cxd5 exd5 39. a4 Nc5 40. Nd4 Rb6 41. Nb5 Nxb3 42. Rxd5 Rxd5 43. Rxd5 Ke6 44. Rd6+ Rxd6 45. exd6 Nc5 46. Kf3 Nxa4 47. Kf4 Nc5 48. Kg5 Ne4+ 49. Kxg6 Nxg3 50. h4 Nf5 51. Kxh5 Nxd6 52. Nxd6 Kxd6 53. Kg6 a4 54. h5 a3 55. h6 a2 56. h7 a1=Q 57. Kf7 Qh8 58. Kg6 Ke6 59. Kh6 Kf6 0-1


[Site "https://www.chess.com"]

[Event "Titled Tuesday Blitz February 28 Late 2023"]
[White "Gerzhoy, Leonid"]
[Black "Gatterer, Florian"]
[WhiteFideId "2806126"]
[BlackFideId "811688"]
[WhiteElo "2632"]
[BlackElo "2221"]
[Result "1/2-1/2"]
[Round "01"]
[TimeControl "180+2"]
[Date "2023.02.28"]
[WhiteClock "0:01:22"]
[BlackClock "0:00:27"]

1. d4 Nf6 2. Nf3 d5 3. c4 e6 4. Nc3 c5 5. e3 a6 6. a3 dxc4 7. Bxc4 b5 8. Be2 Bb7 9. O-O Nbd7 10. dxc5 Bxc5 11. b4 Be7 12. Bb2 O-O 13. Nd4 Rc8 14. Nb3 Nd5 15. Nxd5 Bxd5 16. Na5 Bf6 17. Bxf6 Nxf6 18. Bf3 Qb6 19. Bxd5 Nxd5 20. Rc1 h6 21. Qd2 Nf6 22. Rxc8 Rxc8 23. Rc1 Rxc1+ 24. Qxc1 Qd6 25. g3 h5 26. Qc6 Qd2 27. Qf3 Qc1+ 28. Kg2 Qxa3 29. Nc6 Qd3 30. Nb8 Qd6 31. Qa8 Kh7 32. Nxa6 Nd5 33. Qb7 Nxb4 34. Nxb4 Qxb4 35. Qxf7 Qe4+ 36. Kg1 Kh6 1/2-1/2


[Site "https://www.chess.com"]

[Event "Titled Tuesday Blitz February 28 Late 2023"]
[White "Guo, Josh"]
[Black "Bujisho, Benjamin"]
[WhiteFideId "2682427"]
[BlackFideId "608610"]
[WhiteElo "2322"]
[BlackElo "2371"]
[Result "1-0"]
[Round "01"]
[TimeControl "180+2"]
[Date "2023.02.28"]
[WhiteClock "0:01:33"]
[BlackClock "0:00:18"]

1. e4 c5 2. Nf3 d6 3. d4 cxd4 4. Nxd4 Nf6 5. Nc3 g6 6. Be3 Bg7 7. f3 O-O 8. Qd2 Nc6 9. Bc4 Bd7 10. h4 h5 11. O-O-O Ne5 12. Bb3 Rc8 13. Bh6 Nc4 14. Bxc4 Rxc4 15. Bxg7 Kxg7 16. g4 hxg4 17. h5 Rh8 18. hxg6 fxg6 19. f4 e5 20. Nde2 Rc6 21. f5 Qf8 22. Ng3 Be8 23. Qg5 Kf7 24. fxg6+ 1-0


[Site "https://www.chess.com"]

[Event "Titled Tuesday Blitz February 28 Late 2023"]
[White "Goudriaan, Etienne"]
[Black "Liu, Casper"]
[WhiteFideId "1021150"]
[BlackFideId "1454153"]
[WhiteElo "2318"]
[BlackElo "2221"]
[Result "1-0"]
[Round "01"]
[TimeControl "180+2"]
[Date "2023.02.28"]
[WhiteClock "0:01:02"]
[BlackClock "0:00:48"]

1. d4 Nf6 2. c4 e5 3. dxe5 Ng4 4. e4 Nxe5 5. f4 Ng6 6. Nf3 Bc5 7. h4 h5 8. f5 Nf8 9. Nc3 d6 10. Bg5 f6 11. Bf4 a5 12. Bd3 Nc6 13. Qe2 Nd7 14. O-O-O Nde5 15. Bc2 Qe7 16. Nd5 Qf7 17. Kb1 Nb4 18. Ba4+ c6 19. Nc3 O-O 20. Nxe5 dxe5 21. Be3 Bxe3 22. Qxe3 Kh8 23. g4 Qxc4 24. Bb3 Qa6 25. g5 a4 26. Nxa4 Nxa2 27. gxf6 b5 28. fxg7+ Kxg7 29. Qg5+ Kh7 30. Qg6+ Kh8 31. Qh6# 1-0


[Site "https://www.chess.com"]

[Event "Titled Tuesday Blitz February 28 Late 2023"]
[White "Melikhov, Evgeny V."]
[Black "Thomforde-Toates, Noah"]
[WhiteFideId "4122046"]
[BlackFideId "30951992"]
[WhiteElo "2158"]
[BlackElo "2627"]
[Result "0-1"]
[Round "01"]
[TimeControl "180+2"]
[Date "2023.02.28"]
[WhiteClock "0:00:07"]
[BlackClock "0:01:31"]

1. d4 Nf6 2. c4 g6 3. Nc3 Bg7 4. e4 d6 5. f3 O-O 6. Be3 Nc6 7. Nge2 a6 8. Qd2 Na5 9. Ng3 b5 10. Bh6 Nxc4 11. Bxc4 bxc4 12. h4 c5 13. Bxg7 Kxg7 14. h5 cxd4 15. Qxd4 Qa5 16. O-O-O Qg5+ 17. Qd2 Qxg3 18. Rh3 Qe5 19. hxg6 Bxh3 20. Rh1 hxg6 21. f4 Qc5 22. gxh3 Rh8 23. f5 Qe5 24. Qg2 Qf4+ 25. Kb1 g5 26. Rg1 Rh4 27. e5 Qxf5+ 28. Ka1 Ne4 29. Nxe4 Rxe4 30. h4 Qxe5 31. hxg5 Re1+ 0-1


[Site "https://www.chess.com"]

[Event "Titled Tuesday Blitz February 28 Late 2023"]
[White "Haydon, David L"]
[Black "Itkis, Boris"]
[WhiteFideId "415405"]
[BlackFideId "1209167"]
[WhiteElo "2326"]
[BlackElo "2216"]
[Result "1-0"]
[Round "01"]
[TimeControl "180+2"]
[Date "2023.02.28"]
[WhiteClock "0:01:12"]
[BlackClock "0:00:21"]

1. e4 e5 2. Nf3 Nc6 3. Bb5 a6 4. Ba4 d6 5. O-O Bd7 6. d3 Nge7 7. Re1 Ng6 8. h3 Be7 9. Nc3 O-O 10. Nd5 f5 11. Bb3 Kh8 12. Nxe7 Qxe7 13. Bg5 Qe8 14. exf5 Bxf5 15. d4 h6 16. Bd2 Qd7 17. dxe5 Ngxe5 18. Nxe5 Nxe5 19. Bc3 Nc6 20. Qd2 Kh7 21. Re3 Bg6 22. Be6 Qd8 23. Rg3 Ne7 24. Re1 d5 25. h4 h5 26. Qd4 Rf6 27. Qd2 Rf8 28. Re5 c6 29. Rxh5+ 1-0


[Site "https://www.chess.com"]

[Event "Titled Tuesday Blitz February 28 Late 2023"]
[White "Todev, Simeon"]
[Black "Kvaloy, Aksel Bu"]
[WhiteFideId "2925133"]
[BlackFideId "1528815"]
[WhiteElo "1938"]
[BlackElo "2208"]
[Result "0-1"]
[Round "01"]
[TimeControl "180+2"]
[Date "2023.02.28"]
[WhiteClock "0:00:03"]
[BlackClock "0:00:49"]

1. e4 e5 2. Nf3 Nf6 3. d4 Nxe4 4. Nxe5 d6 5. Nf3 d5 6. c4 c6 7. Nc3 Be7 8. Bd3 Bf5 9. cxd5 cxd5 10. Qb3 Nc5 11. Bb5+ Ncd7 12. Qxd5 Bg4 13. Ne5 Be6 14. Qxb7 a6 15. Qxa8 axb5 16. Nxd7 Bxd7 17. O-O b4 18. Na4 Bc6 19. Qa7 O-O 20. Bf4 Qd5 21. f3 Nd7 22. b3 Bf6 23. Rfd1 Ra8 24. Qc7 Bxd4+ 25. Kh1 Qxf3 26. Rd3 0-1


[Site "https://www.chess.com"]

[Event "Titled Tuesday Blitz February 28 Late 2023"]
[White "Gunduz, Umut Erdem"]
[Black "Prieto Aranguren, Alain"]
[WhiteFideId "6381383"]
[BlackFideId "2268906"]
[WhiteElo "2182"]
[BlackElo "2209"]
[Result "1-0"]
[Round "01"]
[TimeControl "180+2"]
[Date "2023.02.28"]
[WhiteClock "0:01:42"]
[BlackClock "0:00:29"]

1. e4 c6 2. d4 d5 3. Nd2 a6 4. Ngf3 Bg4 5. c3 e6 6. h3 Bh5 7. Bd3 Nf6 8. O-O Be7 9. Re1 O-O 10. a4 Ra7 11. Qb3 dxe4 12. Nxe4 Bxf3 13. gxf3 c5 14. Nxf6+ Bxf6 15. Qc2 g6 16. dxc5 Nc6 17. Be3 Qd5 18. Be4 Qh5 19. Kg2 Raa8 20. f4 Qh4 21. b4 Rad8 22. Rad1 Ne7 23. Bxb7 Nd5 24. Bxd5 exd5 25. c6 Rfe8 26. b5 axb5 27. axb5 Rc8 28. Rxd5 h6 29. c4 Kh7 30. Rd7 Kg7 31. Red1 g5 32. Qf5 gxf4 33. Qxf4 Qh5 34. Qg4+ Qxg4+ 35. hxg4 Kg6 36. Kf3 1-0


[Site "https://www.chess.com"]

[Event "Titled Tuesday Blitz February 28 Late 2023"]
[White "Skaric, Djuro"]
[Black "Poliakova, Varvara"]
[WhiteFideId "934569"]
[BlackFideId "13518313"]
[WhiteElo "2282"]
[BlackElo "2075"]
[Result "0-1"]
[Round "01"]
[TimeControl "180+2"]
[Date "2023.02.28"]
[WhiteClock "0:00:44"]
[BlackClock "0:00:32"]

1. g3 f5 2. Bg2 Nf6 3. d3 d6 4. Nc3 e5 5. e4 Nc6 6. Nf3 g6 7. O-O Bg7 8. exf5 Bxf5 9. Nh4 Bg4 10. f3 Be6 11. f4 exf4 12. Bxf4 O-O 13. Qd2 Ng4 14. Ne2 Qd7 15. h3 Nge5 16. g4 Rf7 17. Bh6 Raf8 18. Bxg7 Kxg7 19. b3 Qe7 20. g5 Qd7 21. Kh2 Ne7 22. Qc3 Nd5 23. Qd4 c5 24. Qe4 Rxf1 25. Rxf1 Rxf1 26. Bxf1 Nf7 27. Nf3 Ne7 28. Ng3 d5 29. Qf4 Nf5 30. Ne5 Nxe5 31. Qxe5+ Kg8 32. Nxf5 Bxf5 33. Bg2 Be6 34. h4 b6 35. Kg3 Qf7 36. Bf3 Qd7 37. c3 Qf7 38. d4 cxd4 39. cxd4 Qd7 40. b4 Bf7 41. Qb8+ Kg7 42. Qe5+ Kg8 43. h5 gxh5 44. Qb8+ Kg7 45. Qe5+ Kf8 46. Qh8+ Ke7 47. Qf6+ Ke8 48. Qe5+ Qe6 49. Qh8+ Kd7 50. Qxh7 Qd6+ 51. Kf2 Qf4 52. g6 Qd2+ 53. Kf1 Qd3+ 54. Be2 Qxg6 55. Qh8 Qf5+ 56. Ke1 Qb1+ 57. Kf2 Qf5+ 58. Ke1 Qf4 59. Qg7 Kd6 60. Qf8+ Ke6 61. Qh6+ Qxh6 0-1


[Site "https://www.chess.com"]

[Event "Titled Tuesday Blitz February 28 Late 2023"]
[White "Vlassov, Nikolai"]
[Black "Jenkins, Drake"]
[WhiteFideId "4103360"]
[BlackFideId "2022397"]
[WhiteElo "2324"]
[BlackElo "2311"]
[Result "1-0"]
[Round "01"]
[TimeControl "180+2"]
[Date "2023.02.28"]
[WhiteClock "0:00:30"]
[BlackClock "0:00:01"]

1. e4 c6 2. d4 d5 3. e5 c5 4. dxc5 Nc6 5. Bb5 Nh6 6. Bxh6 gxh6 7. Nf3 Bg4 8. Nbd2 e6 9. b4 Bg7 10. h3 Bh5 11. Qe2 O-O 12. Bxc6 bxc6 13. O-O a5 14. a3 axb4 15. axb4 Qh4 16. Rxa8 Rxa8 17. Nxh4 Bxe2 18. Re1 Bb5 19. f4 Ra2 20. Rc1 f6 21. Nhf3 fxe5 22. fxe5 Ba4 23. c3 h5 24. Nf1 Bh6 25. Re1 Kf7 26. Nd4 Ra3 27. Ne2 Bb5 28. Nfg3 h4 29. Nh5 Be3+ 30. Kh2 Bf2 31. Rf1 Ke7 32. Rxf2 Ra2 33. Nhf4 Rc2 34. g3 hxg3+ 35. Kxg3 d4 36. cxd4 Bc4 37. Ng1 Rc3+ 38. Nf3 Rb3 39. Kg4 Rxb4 40. Ng5 h6 41. Ng6+ Kd7 42. Rf7+ Kc8 43. Ne4 Be2+ 44. Kf4 Rxd4 45. Ke3 1-0


[Site "https://www.chess.com"]

[Event "Titled Tuesday Blitz February 28 Late 2023"]
[White "Paspuel, Trosky"]
[Black "Sielecki, Christof"]
[WhiteFideId "3602150"]
[BlackFideId "4620437"]
[WhiteElo "2307"]
[BlackElo "2443"]
[Result "0-1"]
[Round "01"]
[TimeControl "180+2"]
[Date "2023.02.28"]
[WhiteClock "0:00:02"]
[BlackClock "0:00:07"]

1. c4 e6 2. Nc3 d5 3. d4 Nf6 4. cxd5 exd5 5. Bg5 c6 6. e3 h6 7. Bh4 Be7 8. Bd3 O-O 9. Nge2 Re8 10. O-O a5 11. Qc2 b5 12. Rad1 Ba6 13. f3 Nbd7 14. h3 b4 15. Bxa6 Rxa6 16. Na4 Bd6 17. e4 Be7 18. e5 Nh7 19. Bxe7 Qxe7 20. f4 Rc8 21. f5 Qg5 22. Nf4 Nhf8 23. Nxd5 Kh8 24. Nf4 c5 25. Nxc5 Nxc5 26. dxc5 Rac6 27. Rd5 Qe7 28. f6 gxf6 29. exf6 Qe3+ 30. Kh1 Rxc5 31. Qf5 Rxd5 32. Qxd5 Rc1 33. Qb5 Qxf4 34. Rxc1 Qxc1+ 35. Kh2 Qf4+ 36. Kh1 Qxf6 37. Qxa5 Qd4 38. Qa8 Kg7 0-1


[Site "https://www.chess.com"]

[Event "Titled Tuesday Blitz February 28 Late 2023"]
[White "Dobrikov, Marco"]
[Black "Romero Ruscalleda, Josep"]
[WhiteFideId "12950378"]
[BlackFideId "2231859"]
[WhiteElo "2140"]
[BlackElo "2183"]
[Result "1-0"]
[Round "01"]
[TimeControl "180+2"]
[Date "2023.02.28"]
[WhiteClock "0:01:21"]
[BlackClock "0:00:24"]

1. d4 g6 2. e4 Bg7 3. f4 d6 4. Nc3 a6 5. Bd3 b5 6. e5 Nh6 7. Be4 c6 8. Nf3 O-O 9. O-O d5 10. Bd3 Bg4 11. h3 Bxf3 12. Qxf3 e6 13. Be3 Nd7 14. g4 f6 15. exf6 Bxf6 16. Qg2 Bg7 17. Ne2 c5 18. c3 Qc7 19. Rae1 Rae8 20. Kh1 b4 21. f5 gxf5 22. gxf5 Nxf5 23. Bxf5 exf5 24. Qxd5+ Kh8 25. Nf4 cxd4 26. cxd4 Nf6 27. Qxf5 Ne4 28. Qg4 Qb7 29. Kh2 Nf6 30. Qh4 Re4 31. Qg5 Qc7 32. Kh1 Qc6 33. d5 Qc2 34. Ne6 Rxe6 35. dxe6 Qe4+ 36. Qg2 Qxe6 37. Bc5 Ne4 38. Bxf8 1-0


[Site "https://www.chess.com"]